 Dungeon Crawl Stone Soup version 0.32-a0-765-gfba4d74 (webtiles) character file.

Game seed: 5329811288660832311

267758 Xylander the Slayer (level 19, -11/200 HPs)
             Began as a Minotaur Berserker on Mar 18, 2024.
             Was a High Priest of Trog.
             Mangled by an alligator snapping turtle (38 damage)
             ... on level 2 of the Shoals.
             The game lasted 01:05:20 (43953 turns).

Xylander the Slayer (Minotaur Berserker)           Turns: 43953, Time: 01:05:20

Health: -11/200    AC: 23    Str: 37    XL:     19   Next: 74%
Magic:  15/18      EV: 16    Int: 12    God:    Trog [*****.]
Gold:   4531       SH: 12    Dex: 12    Spells: 18/18 levels left

rFire   + + +        a - +5 demon trident "Kuozid" {flame, *Slow rPois Will++}
rCold   x . .        X - +1 kite shield {reflect}
rNeg    . . .        b - +0 fire dragon scales
rPois   +            Z - +1 hat "Fuex" {rCorr Slay+3}
rElec   +            x - +0 cloak
rCorr   +            H - +1 pair of gloves {infuse}
SInv    .            n - +1 pair of boots of Mumblety Peg {rElec Str+3}
Will    +++++        (no amulet) Stlth
                     j - ring of the Sky {Str+6 Int+8}
HPRegen 1.53/turn    E - ring of protection from fire
MPRegen 0.16/turn

%: slow self (1%), reflection, infuse magic (1 MP)
@: strong-willed, on berserk cooldown, regenerating, slowed, very slow
A: horns 2, retaliatory headbutt
}: 1/15 runes: serpentine
a: Renounce Religion, Berserk, Trog's Hand, Brothers in Arms


You were on level 2 of the Shoals.
You worshipped Trog.
Trog was extremely pleased with you.
You visited 5 branches of the dungeon, and saw 30 of its levels.
You also visited: Gauntlet and Ice Cave.

You collected 5165 gold pieces.
You spent 634 gold pieces at shops.

Inventory:

Hand Weapons
 a - the +5 demon trident "Kuozid" (weapon) {flame, *Slow rPois Will++}
   (Trog gifted it to you on level 1 of the Lair of Beasts)

   rPois:     It protects you from poison.
   Will++:    It greatly increases your willpower.
   *Slow:     It may slow you when you take damage.
 D - a +1 broad axe of flaming
Missiles
 c - 13 curare-tipped darts (quivered)
 e - 18 silver javelins
 z - 19 javelins
 W - 3 throwing nets
Armour
 b - +0 fire dragon scales (worn)
 n - the +1 pair of boots of Mumblety Peg (worn) {rElec Str+3}
   (You acquired it on level 15 of the Dungeon)

   Str+3:     It affects your strength (+3).
   rElec:     It insulates you from electricity.
 x - a +0 cloak (worn)
 H - a +1 pair of gloves of infusion (worn)
 I - the +2 pair of boots "Toba Oqeff" {rElec rPois MP+9 Str-3}
   (You found it on level 1 of the Snake Pit)

   Str-3:     It affects your strength (-3).
   rElec:     It insulates you from electricity.
   rPois:     It protects you from poison.
   MP+9:      It affects your magic capacity (+9).
 S - a +1 plate armour of cold resistance
 X - a +1 kite shield of reflection (worn)
 Z - the +1 hat "Fuex" (worn) {rCorr Slay+3}
   (You found it in a Gauntlet)

   Slay+3:    It affects your accuracy & damage with ranged weapons and melee
   (+3).
   rCorr:     It protects you from acid and corrosion.
Jewellery
 j - the ring of the Sky (left hand) {Str+6 Int+8}
   (You took it off a minotaur in a Gauntlet)

   [ring of strength]

   Str+6:     It affects your strength (+6).
   Int+8:     It affects your intelligence (+8).
 E - a ring of protection from fire (right hand)
 Y - a ring of protection from cold
Talismans
 O - the serpent talisman "Jefegok" {Dex+2}
   (You took it off Aizul on level 3 of the Snake Pit)

   [serpent talisman]

   Dex+2:     It affects your dexterity (+2).
Wands
 i - a wand of digging (13)
 p - a wand of polymorph (27)
 r - a wand of paralysis (26)
 u - a wand of mindburst (49)
 v - a wand of light (24)
 A - a wand of flame (83)
 C - a wand of warping (39)
Scrolls
 d - a scroll of brand weapon
 h - 6 scrolls of enchant armour
 k - 6 scrolls of immolation
 l - 8 scrolls of teleportation
 q - 3 scrolls of blinking
 w - 2 scrolls of summoning
 y - 4 scrolls of poison
 B - 6 scrolls of revelation
 G - 5 scrolls of fog
 J - 2 scrolls of enchant weapon
 K - 2 scrolls of silence
 T - 4 scrolls of fear
Potions
 f - 2 potions of attraction
 g - 7 potions of enlightenment
 m - 7 potions of haste
 o - 2 potions of lignification
 s - 6 potions of heal wounds
 t - 4 potions of magic
 L - 7 potions of mutation
 M - 2 potions of resistance
 N - 5 potions of invisibility
 P - 18 potions of ambrosia
 Q - a potion of cancellation
 R - 4 potions of curing
 U - a potion of might
 V - 2 potions of berserk rage
Miscellaneous
 F - a lightning rod (4/4)


   Skills:
 * Level 24.6 Fighting
 + Level 18.2 Polearms
 + Level 18.1 Armour
 + Level 16.4 Dodging
 + Level 12.4 Shields
 + Level 6.2 Evocations


You had 18 spell levels left.
You didn't know any spells.
Your spell library contained the following spells:

 Spells                   Type           Power      Damage    Failure   Level
 Apportation              Tloc           0%         N/A       58%         1
 Kiss of Death            Conj/Necr      0%         2d5       58%         1
 Necrotise                Necr           0%         1d4       58%         1
 Shock                    Conj/Air       0%         1d3       58%         1
 Sting                    Conj/Alch      0%         1d3       58%         1
 Summon Small Mammal      Summ           0%         N/A       58%         1
 Jinxbite                 Hex            0%         N/A       73%         2
 Mercury Vapours          Alch/Air       0%         N/A       73%         2
 Scorch                   Fire           0%         2d5       73%         2
 Call Canine Familiar     Summ           0%         N/A       91%         3
 Confusing Touch          Hex            0%         N/A       91%         3
 Mephitic Cloud           Conj/Alch/Air  0%         N/A       91%         3
 Passwall                 Erth           0%         N/A       91%         3
 Summon Ice Beast         Ice/Summ       0%         N/A       91%         3
 Tukima's Dance           Hex            0%         N/A       91%         3
 Volatile Blastmotes      Fire/Tloc      0%         2d10      91%         3
 Brom's Barrelling Bould  Conj/Erth      0%         2d3       100%        4
 Cause Fear               Hex            0%         N/A       100%        4
 Dispel Undead            Necr           0%         3d6       100%        4
 Flame Wave               Conj/Fire      0%         2d4       100%        4
 Leda's Liquefaction      Alch/Erth      0%         N/A       100%        4
 Olgreb's Toxic Radiance  Alch           0%         N/A       100%        4
 Passage of Golubria      Tloc           0%         N/A       100%        4
 Petrify                  Alch/Erth      0%         N/A       100%        4
 Summon Blazeheart Golem  Fire/Summ      0%         N/A       100%        4
 Vhi's Electric Charge    Tloc/Air       0%         N/A       100%        4
 Alistair's Intoxication  Alch           0%         N/A       100%        5
 Arcjolt                  Conj/Air       0%         1d10      100%        5
 Curse of Agony           Necr           0%         N/A       100%        5
 Fireball                 Conj/Fire      0%         3d3       100%        5
 Freezing Cloud           Conj/Ice/Air   0%         6-21      100%        5
 Iskenderun's Battlesphe  Conj           0%         2d6       100%        5
 Yara's Violent Unravell  Hex/Alch       0%         3d3       100%        5
 Bombard                  Conj/Erth      0%         9d1       100%        6
 Conjure Ball Lightning   Conj/Air       0%         3x3d6     100%        6
 Plasma Beam              Fire/Air       0%         2x1d10    100%        6
 Summon Cactus Giant      Summ           0%         N/A       100%        6
 Orb of Destruction       Conj           0%         9d5       100%        7
 Infestation              Necr           0%         N/A       100%        8
 Dragon's Call            Summ           0%         N/A       100%        9
 Shatter                  Erth           0%         3d5*      100%        9


Dungeon Overview and Level Annotations

Branches:
Dungeon (15/15) Zot: 23731  Temple (0/1) D:4            Lair (5/5) D:11 Zot: 22960
 Shoals (4/4) Lair:2 Zot: 18401   Snake (4/4) Lair:3 Zot: 16967   Slime (0/5) Lair:5
    Orc (2/2) D:11 Zot: 8238     Elf (0/3) Orc:2        Vaults (0/5) D:14
 Depths (0/4) D:15          IceCv (visited)         Gauntlet (visited)

Altars:
Ashenzari
Cheibriados
Elyvilon
Fedhas
Kikubaaqudgha
Sif Muna
Trog
Vehumet
Xom
The Shining One
Beogh
Jiyva

Shops:
D:2 =   D:7 *   Orc:2 *[!:   Shoals:3 :   Snake:3 =

Portals:
Pandemonium: Orc:2

Annotations:
Shoals:2 1 transporter, znke's ghost, adept TrFi


Innate Abilities, Weirdness & Mutations

You have a pair of horns on your head.
You reflexively headbutt those who attack you in melee.


Message History

The harpy claws your two-headed ogre! You block znke's ghost's attack.
You take 25 HP, and have [60/300] HP; You lose 1MP, and have [14/18] MP Unknown command.
The harpy claws your two-headed ogre!
The harpy barely misses your two-headed ogre.
The manticore rages.
The harpy claws your two-headed ogre!
Your two-headed ogre dies!
Your two-headed ogre's corpse disappears in a puff of smoke!
The alligator snapping turtle bites you from afar!!
* * * LOW HITPOINT WARNING * * *
The harpy screeches!
Things that are here:
a sea snake corpse; a manticore corpse; You take 19 HP, and have [41/300] HP Unknown command.
You feel a strong urge to attack something.
Znke's ghost hits you but does no damage.
Unknown command.
Unknown command.
Unknown command.
The manticore attacks as it pursues you!
The manticore bites you but does no damage.
The manticore misses you. You block the manticore's attack.
You block the harpy's attack. The harpy claws you but does no damage.
Unknown command.
You feel your anger nearly subside.
You are no longer berserk.
You are exhausted.
You feel yourself slow down. You block the harpy's attack. x2
Now you have [30/200] HP Unknown command.
Blink to where?
Press: ? - help, Dir - move target
As you read the scroll of blinking, it crumbles to dust.
Znke's ghost says, "I break bones and crack skulls... with my bare hands."
The manticore rages.
The harpy claws you.
* * * LOW HITPOINT WARNING * * *
You block the harpy's attack.
The alligator snapping turtle bites you from afar!!!
You die...

##########################
≈≈≈≈≈≈≈≈≈≈≈≈≈≈≈≈≈≈≈≈≈≈≈≈≈≈
≈≈≈≈≈≈≈≈≈≈≈≈≈≈≈≈≈≈≈≈≈≈≈≈≈≈≈
≈≈≈≈≈≈≈≈≈≈≈≈≈≈≈≈≈≈≈≈≈≈≈≈≈≈≈
≈≈≈~~~~~~~≈≈≈≈≈≈≈≈≈~~~~≈≈≈≈≈≈≈≈≈≈
≈~~~~~~.......~#≈~~~~~~~~≈≈≈≈≈≈≈≈
~~~~~.###©####.~~~~.~..~~≈≈≈≈≈≈≈≈
.....##.###.§#####..~..~~≈≈≈≈≈≈≈≈
....##......#W.H@#..~~~~~~≈≈≈≈≈≈≈
....#....#..H#.H.##...~~~~~~≈≈≈≈≈
....#..##..#†yt...#.....~.~~≈≈≈≈≈
~~~~#...#..©..##..#......~~~~≈≈≈≈
~~~##.#.....#t....#.....~~~~~≈≈≈≈
~~~#.$..###t..##.##.#...~~~~~~~~~
~~~##..#.[?[}[...#....~~~~~~~~~~~
~~~[###. #####..##...~~~~~~~~~~~~
~~~~.~####~©~####....~~~~~~~~~~..


You could see an alligator snapping turtle, a snapping turtle, a manticore
(berserk), a moth of wrath, 2 harpies and znke's ghost.

Vanquished Creatures
  Bai Suzhen (Shoals:4)
  Vashnia (Snake:4)
  Mlioglotl (Snake:2)
  Kirke (D:15)
  Polyphemus (Shoals:3)
  Donald (Snake:3)
  Aizul (Snake:3)
  Roxanne (Snake:3)
  2 nagarajas (Snake:3)
  Louise (Shoals:1)
  The ghost of Lovepenguin the Gelid, a journeyman DgIE (Snake:2)
  The ghost of Miomu the Cleaver, a journeyman CoBe of Trog (Lair:2)
  A minotaur (Gauntlet)
  2 fire dragons
  2 merfolk impalers
  Fannar (Lair:2)
  7 merfolk javelineers
  6 hydras
  An ice dragon (D:15)
  3 vault guards (D:14)
  3 merfolk avatars
  An ogre mage (Orc:1)
  7 salamander tyrants
  2 ironbound frosthearts (IceCv)
  7 catoblepae
  12 anacondas
  3 boulder beetles
  2 demonspawn (Orc:2)
  3 two-headed ogres
  3 merfolk aquamancers
  3 satyrs
  2 centaur warriors
  22 death yaks
  12 naga sharpshooters
  2 tengu warriors
  5 orc high priests (Orc:2)
  A holy swine (Shoals:4)
  5 skeletal warriors
  A soul eater (Orc:2)
  10 shock serpents
  12 naga warriors
  5 skysharks
  8 salamander mystics
  A sixfirhy (Orc:2)
  11 sea snakes
  2 glowing orange brains (Gauntlet)
  12 mana vipers
  9 naga ritualists
  A cherub (Shoals:4)
  An arcanist (D:14)
  6 orc knights
  2 necromancers (D:14)
  4 harpies
  Pikel (D:6)
  A lindwurm (Lair:5)
  7 orc sorcerers
  21 ugly things
  16 salamanders
  6 cyclopes
  13 manticores
  13 fauns
  2 elephants
  3 meliai (Lair:4)
  A moth of wrath (Gauntlet)
  12 naga magi
  A black mamba (shapeshifter) (D:14)
  A kobold blastminer (Orc:2)
  6 merfolk sirens
  6 guardian serpents
  Joseph (D:7)
  2 gargoyles
  9 cane toads
  40 black mambas
  An ice statue (IceCv)
  3 molten gargoyles (Lair:5)
  An orange demon (Orc:2)
  2 torpor snails
  4 water nymphs
  14 komodo dragons
  An unseen horror (D:10)
  2 tengu conjurers (D:15)
  2 freezing wraiths
  Jeremiah (D:7)
  A yaktaur (D:14)
  An efreet (D:12)
  2 rime drakes
  A kobold demonologist (D:9)
  A queen bee (Lair:4)
  A red devil (Orc:2)
  9 trolls
  13 polar bears
  30 merfolk
  9 hornets
  A wind drake (Shoals:3)
  23 blink frogs
  6 dream sheep
  12 snapping turtles
  A spriggan (shapeshifter) (D:15)
  2 shadows
  6 water elementals
  A wraith (D:13)
  79 yaks
  10 wyverns
  11 basilisks
  4 wargs
  3 hogs
  18 humans (D:14)
  4 steam dragons
  5 vampire mosquitoes
  49 nagas
  3 hell hounds (Lair:5)
  13 water moccasins
  33 orc warriors
  2 sky beasts
  6 ogres
  3 black bears
  3 ice beasts
  50 wolves
  4 centaurs
  4 lemures (D:5)
  A kobold brigand (D:8)
  13 bullfrogs
  6 scorpions
  16 wights
  14 killer bees (Lair:4)
  8 howler monkeys
  5 lava snakes (Lair:5)
  3 hounds
  2 bombardier beetles (D:4)
  4 jellies
  26 orc priests
  Crazy Yiuf (D:5)
  2 sleepcaps (D:6)
  Ijyb (D:5)
  An iguana (D:4)
  9 orc wizards
  7 adders
  A shadow imp (D:8)
  A white imp (D:5)
  2 ufetubi (D:6)
  3 dart slugs
  A ribbon worm (D:3)
  81 orcs
  8 ball pythons
  6 bats
  8 endoplasms
  3 giant cockroaches
  14 goblins
  9 hobgoblins
  4 jackals (D:2)
  7 kobolds
  2 quokkas
  3 frilled lizards (D:1)
  4 rats
  A spectral weapon (Snake:4)
1110 creatures vanquished.

Vanquished Creatures (collateral kills)
  Rupert (Lair:5)
  3 skeletal warriors (D:12)
  3 elephants (Lair:4)
  A rime drake (Lair:5)
  2 vampire mosquitoes (D:12)
  6 killer bees (Lair:4)
  An orc wizard (D:12)
17 creatures vanquished.

Vanquished Creatures (others)
  A naga (Snake:2)
  An endoplasm (Lair:5)
2 creatures vanquished.

Grand Total: 1129 creatures vanquished

Notes
Turn   | Place    | Note
-------+----------+-------------------------------------------
     0 | D:1      | Xylander the Minotaur Berserker began the quest for the
                  | Orb.
     0 | D:1      | Reached XP level 1. HP: 19/19 MP: 0/0
   146 | D:1      | Reached XP level 2. HP: 27/27 MP: 1/1
   164 | D:1      | Reached skill level 4 in Fighting
   531 | D:1      | Reached XP level 3. HP: 26/33 MP: 2/2
   682 | D:2      | Reached ** piety under Trog
   790 | D:2      | Found Zibron's Jewellery Shop.
   982 | D:2      | Reached XP level 4. HP: 41/41 MP: 3/3
  1861 | D:3      | Found a faded altar of an unknown god.
  1951 | D:4      | Reached skill level 5 in Fighting
  1999 | D:4      | Reached XP level 5. HP: 36/48 MP: 4/4
  2007 | D:4      | Reached *** piety under Trog
  2052 | D:4      | Found a staircase to the Ecumenical Temple.
  2234 | D:4      | Reached XP level 6. HP: 57/57 MP: 5/5
  2292 | D:4      | Found a white marble altar of Elyvilon.
  2339 | D:4      | Found a glowing golden altar of the Shining One.
  2347 | D:4      | Reached skill level 6 in Fighting
  2558 | D:4      | Reached skill level 5 in Polearms
  2751 | D:5      | Entered Level 5 of the Dungeon
  2977 | D:5      | Reached XP level 7. HP: 48/64 MP: 6/6
  3263 | D:5      | Found a snail-covered altar of Cheibriados.
  3334 | D:5      | Found a shimmering blue altar of Sif Muna.
  3380 | D:5      | Reached skill level 7 in Fighting
  3559 | D:5      | Noticed Ijyb
  3572 | D:5      | Killed Ijyb
  3620 | D:5      | Reached skill level 5 in Armour
  3816 | D:5      | Found a runed translucent door.
  3817 | D:5      | Noticed Crazy Yiuf
  3889 | D:5      | Killed Crazy Yiuf
  4258 | D:6      | Noticed Pikel
  4518 | D:6      | Reached XP level 8. HP: 73/74 MP: 7/7
  4536 | D:6      | Reached skill level 8 in Fighting
  4537 | D:6      | Reached skill level 1 in Evocations
  4540 | D:6      | Reached skill level 5 in Dodging
  5297 | D:6      | Found a shimmering altar of Xom.
  5301 | D:6      | Noticed a hornet
  5312 | D:6      | Killed a hornet
  5461 | D:6      | Reached skill level 9 in Fighting
  5694 | D:6      | Reached XP level 9. HP: 84/84 MP: 8/8
  6125 | D:6      | Found a blossoming altar of Fedhas.
  6125 | D:6      | Found an ancient bone altar of Kikubaaqudgha.
  6271 | D:6      | Killed Pikel
  6272 | D:6      | Reached skill level 10 in Fighting
  6378 | D:6      | Identified the +0 ring mail "Redweng" {Int+5}
  6746 | D:7      | Reached **** piety under Trog
  7190 | D:7      | Found Vimewa's Overcharged Wands.
  7507 | D:7      | Noticed Joseph
  7534 | D:7      | Killed Joseph
  7535 | D:7      | Reached skill level 11 in Fighting
  7673 | D:7      | Noticed Jeremiah
  7711 | D:7      | Killed Jeremiah
  7712 | D:7      | Reached XP level 10. HP: 92/92 MP: 9/9
  8482 | D:8      | Paralysed by a hornet for 1 turns
  9001 | D:8      | Found a bloodstained altar of Trog.
  9010 | D:8      | Found a broken altar of Ashenzari.
  9618 | D:9      | Reached skill level 12 in Fighting
  9746 | D:9      | Noticed a rust devil
 10076 | D:9      | Reached skill level 5 in Evocations
 10289 | D:10     | Entered Level 10 of the Dungeon
 10349 | D:10     | Noticed a two-headed ogre
 10370 | D:10     | Killed a two-headed ogre
 10371 | D:10     | Reached XP level 11. HP: 71/105 MP: 10/10
 10694 | D:10     | Reached skill level 13 in Fighting
 11085 | D:10     | Noticed a two-headed ogre
 11096 | D:10     | Killed a two-headed ogre
 11105 | D:10     | Reached ***** piety under Trog
 11442 | D:11     | Found a staircase to the Orcish Mines.
 11618 | D:11     | Reached skill level 10 in Polearms
 11670 | D:11     | Noticed a purple ugly thing
 11698 | D:11     | Killed a purple ugly thing
 11767 | D:11     | Found a staircase to the Lair.
 11883 | D:11     | Noticed a two-headed ogre
 11884 | D:11     | Noticed a catoblepas
 11907 | D:11     | Killed a catoblepas
 11908 | D:11     | Reached skill level 10 in Armour
 12169 | D:11     | Killed a two-headed ogre
 12170 | D:11     | Reached skill level 14 in Fighting
 12357 | Orc:1    | Entered Level 1 of the Orcish Mines
 12575 | Orc:2    | Entered Level 2 of the Orcish Mines
 13114 | Orc:1    | Noticed an orc knight
 13137 | Orc:1    | Killed an orc knight
 13240 | Orc:1    | Noticed an orc knight
 13262 | Orc:1    | Killed an orc knight
 13263 | Orc:1    | Reached XP level 12. HP: 93/118 MP: 11/11
 13349 | Orc:1    | Found a roughly hewn altar of Beogh.
 13543 | Orc:1    | Paralysed by a hornet for 2 turns
 13599 | Orc:1    | Noticed an ogre mage
 13611 | Orc:1    | Killed an ogre mage
 13744 | Orc:1    | Reached skill level 15 in Fighting
 14240 | Orc:2    | Found Lischale's General Store.
 14263 | Orc:2    | Received a gift from Trog
 14375 | Orc:2    | Found Empyib's Distillery.
 14400 | Orc:2    | Reached skill level 10 in Dodging
 14509 | Orc:2    | Bought a potion of haste for 150 gold pieces
 14511 | Orc:2    | Bought a potion of ambrosia for 88 gold pieces
 14511 | Orc:2    | Bought a potion of cancellation for 88 gold pieces
 14511 | Orc:2    | Bought a potion of curing for 33 gold pieces
 14511 | Orc:2    | Bought a potion of enlightenment for 55 gold pieces
 14511 | Orc:2    | Bought a potion of enlightenment for 55 gold pieces
 14511 | Orc:2    | Bought a potion of heal wounds for 55 gold pieces
 14511 | Orc:2    | Bought a potion of haste for 110 gold pieces
 15090 | Orc:2    | Noticed an orc high priest
 15324 | Orc:2    | Reached skill level 16 in Fighting
 15394 | Orc:2    | Killed an orc high priest
 15485 | Orc:2    | Noticed an orc high priest
 15504 | Orc:2    | Killed an orc high priest
 15687 | Orc:2    | Noticed an orc high priest
 15693 | Orc:2    | Reached XP level 13. HP: 128/130 MP: 12/12
 15905 | Orc:2    | Found Gicaysin's Book Boutique.
 15905 | Orc:2    | Found Hulempe's Antique Armour Shop.
 15905 | Orc:2    | Found a one-way gate leading to the halls of Pandemonium.
 15994 | Orc:2    | Found a staircase to the Elven Halls.
 16131 | D:12     | Reached skill level 17 in Fighting
 16354 | D:12     | Found a frozen archway.
 16398 | IceCv    | Entered an ice cave
 17449 | IceCv    | Reached skill level 18 in Fighting
 17474 | IceCv    | Reached XP level 14. HP: 50/143 MP: 13/13
 17688 | IceCv    | Got the Verses on the Bloody Band
 18234 | D:12     | Found a shimmering blue altar of Sif Muna.
 19906 | D:14     | Reached skill level 1 in Shields
 20373 | D:14     | Reached skill level 19 in Fighting
 20693 | D:14     | Identified the serpent talisman "Deunoisoe" {rF+ rCorr}
 20708 | D:15     | Entered Level 15 of the Dungeon
 21048 | D:14     | Found a radiant altar of Vehumet.
 21161 | D:14     | Found a gate to the Vaults.
 22040 | D:15     | Reached XP level 15. HP: 150/155 MP: 14/14
 22317 | D:15     | Noticed Kirke
 22620 | D:15     | Killed Kirke
 22878 | D:15     | Reached skill level 5 in Shields
 22954 | D:15     | Found a staircase to the Depths.
 23383 | Lair:1   | Entered Level 1 of the Lair of Beasts
 23419 | Lair:1   | Identified the +5 demon trident "Kuozid" {flame, *Slow
                  | rPois Will++} (Trog gifted it to you on level 1 of the Lair
                  | of Beasts)
 23419 | Lair:1   | Received a gift from Trog
 23674 | Lair:1   | Reached skill level 20 in Fighting
 24626 | Lair:2   | Found a staircase to the Shoals.
 24919 | Lair:2   | Noticed Fannar
 24935 | Lair:2   | Killed Fannar
 24969 | Lair:2   | Found a runed translucent gate.
 24970 | Lair:2   | Found a runed translucent gate.
 24970 | Lair:2   | Found a runed translucent gate.
 24971 | Lair:2   | Noticed Miomu's ghost (journeyman CoBe)
 25730 | Lair:2   | You fall into a shaft and drop 2 floors!
 25853 | Lair:4   | Reached skill level 15 in Polearms
 25927 | Lair:4   | Identified the +3 halberd of Profit {flame, rC- Will+++}
                  | (Trog gifted it to you on level 4 of the Lair of Beasts)
 25927 | Lair:4   | Received a gift from Trog
 26024 | Lair:4   | Found a gate leading to a gauntlet.
 26048 | Gauntlet | Entered a Gauntlet
 26048 | Gauntlet | Found a transporter.
 26089 | Gauntlet | Found a transporter.
 26091 | Gauntlet | Found a transporter.
 26095 | Gauntlet | Found a runed translucent door.
 26095 | Gauntlet | Found a runed translucent door.
 26099 | Gauntlet | Found a transporter.
 26102 | Gauntlet | Found a transporter.
 26109 | Gauntlet | Found a transporter.
 26122 | Gauntlet | Found a transporter.
 26135 | Gauntlet | Found a transporter.
 26145 | Gauntlet | Found a transporter.
 26169 | Gauntlet | Found a transporter.
 26169 | Gauntlet | Found a transporter.
 26178 | Gauntlet | Found a transporter.
 26179 | Gauntlet | Found a transporter.
 26241 | Gauntlet | Found a transporter.
 26324 | Gauntlet | Reached skill level 15 in Armour
 26425 | Gauntlet | Identified the +1 hat "Fuex" {rCorr Slay+3}
 26436 | Gauntlet | Identified the ring of the Sky {Str+6 Int+8}
 26568 | Gauntlet | Got the Directory of the Charged Plateau
 26683 | Lair:5   | Entered Level 5 of the Lair of Beasts
 26847 | Lair:5   | Reached skill level 21 in Fighting
 26854 | Lair:5   | Reached XP level 16. HP: 100/167 MP: 0/15
 27244 | Lair:5   | Found a viscous altar of Jiyva.
 27245 | Lair:5   | Found a staircase to the Slime Pits.
 27432 | Lair:5   | HP: 12/250 [poisoned by a cane toad]
 27463 | Lair:5   | Noticed Rupert
 27477 | Lair:5   | Killed Rupert
 27665 | Lair:5   | Found a large runed translucent door.
 27665 | Lair:5   | Found a large runed translucent door.
 29957 | Lair:3   | Found a staircase to the Snake Pit.
 30039 | Lair:3   | Identified 3 scrolls of acquirement
 30359 | Lair:2   | Killed Miomu's ghost
 30607 | D:15     | Acquired 1135 gold pieces
 30608 | D:15     | Acquired the +1 pair of boots of Mumblety Peg {rElec Str+3}
 30609 | D:15     | Acquired 805 gold pieces
 30816 | Snake:1  | Entered Level 1 of the Snake Pit
 30944 | Snake:1  | Got the Cyclopedia of the Icebound Cucurbite
 31867 | Snake:1  | Found a transporter.
 31926 | Snake:1  | Found a transporter.
 32347 | Snake:2  | Found a runed translucent door.
 32347 | Snake:2  | Noticed Lovepenguin's ghost (journeyman DgIE)
 32397 | Snake:2  | Killed Lovepenguin's ghost
 32460 | Snake:2  | Noticed Mlioglotl
 32472 | Snake:2  | Killed Mlioglotl
 32473 | Snake:2  | Reached skill level 22 in Fighting
 33457 | Snake:3  | Found Jost's Jewellery Emporium.
 33820 | Snake:3  | Reached XP level 17. HP: 168/176 MP: 5/16
 33965 | Snake:3  | Noticed Donald
 33983 | Snake:3  | Killed Donald
 34157 | Snake:3  | Noticed Roxanne
 34160 | Snake:3  | Identified the serpent talisman "Jefegok" {Dex+2}
 34160 | Snake:3  | Noticed Aizul
 34745 | Snake:3  | Reached skill level 15 in Dodging
 35061 | Snake:3  | Killed Aizul
 35469 | Snake:3  | Killed Roxanne
 35554 | Snake:4  | Entered Level 4 of the Snake Pit
 35613 | Snake:4  | Reached skill level 10 in Shields
 36040 | Snake:4  | Reached skill level 23 in Fighting
 36040 | Snake:4  | Reached XP level 18. HP: 188/188 MP: 17/17
 36155 | Snake:4  | Received a gift from Trog
 36830 | Snake:4  | Found a shimmering blue altar of Sif Muna.
 37133 | Snake:4  | Received a gift from Trog
 37208 | Snake:4  | Reached ****** piety under Trog
 37305 | Snake:4  | Noticed Vashnia
 37339 | Snake:4  | Killed Vashnia
 37508 | Snake:4  | Got a serpentine rune of Zot
 38175 | Snake:1  | Reached XP level 19. HP: 149/198 MP: 1/18
 38296 | Snake:1  | Identified the +2 pair of boots "Toba Oqeff" {rElec rPois
                  | MP+9 Str-3}
 38438 | Shoals:1 | Entered Level 1 of the Shoals
 38630 | Shoals:1 | Noticed Louise
 38642 | Shoals:1 | Killed Louise
 39846 | Shoals:2 | Received a gift from Trog
 39927 | Shoals:2 | Reached skill level 24 in Fighting
 40128 | Shoals:2 | Found a transporter.
 40157 | Shoals:2 | Noticed znke's ghost (adept TrFi)
 40168 | Shoals:2 | Found a transporter.
 40393 | Shoals:2 | You fall into a shaft and drop 1 floor!
 40524 | Shoals:3 | Noticed Bai Suzhen
 40534 | Shoals:4 | Entered Level 4 of the Shoals
 40856 | Shoals:3 | Noticed Polyphemus
 41010 | Shoals:4 | Killed Bai Suzhen
 41065 | Shoals:4 | Found a glowing golden altar of the Shining One.
 41386 | Shoals:3 | Killed Polyphemus
 42630 | Shoals:3 | Received a gift from Trog
 42769 | Shoals:3 | Found Zosaev's Book Boutique.
 43953 | Shoals:2 | Mangled by an alligator snapping turtle

Illustrated notes

Levels and vault maps discovered:
D:1:      lemuel_arrival_rhombus, layout_loops_ring,
          chequers_serial_rivers_room_a
D:2:      layout_basic, serial_shops, nicolae_shop_behind_doors,
          guppyfry_early_orc_mine
D:3:      layout_rooms, shapermc_ecumenical_altar_notcrosses,
          nicolae_concentric_dashed_squares_mild
D:4:      layout_gridville, mainiacjoe_overflow_six_doors_small, tso_metal_star,
          minmay_temple_entry_sparse_star, serial_bayou_lagoon_b
D:5:      layout_basic, general_overflow_altar, lemuel_doored_altar, uniq_ijyb,
          uniq_crazy_yiuf_cottage
D:6:      layout_cave_pods, grunt_temple_overflow_growth_and_decay,
          amcnicky_altar_gilded, uniq_pikel
D:7:      layout_loops_corners, nicolae_shop_overcharged_wands, uniq_joseph,
          uniq_jeremiah
D:8:      layout_basic, minitemple
D:9:      layout_irregular_city
D:10:     layout_long_grid
D:11:     layout_cave_pools, lair_entry_dummy, orc_0_dummy, minmay_starry_boxes
D:12:     layout_small_grid, portal_ice_cave_entry_animals_and_master,
          nicolae_sif_muna_condensation
D:13:     layout_cave_pods, argonaut_gorgonesque
D:14:     layout_long_grid, grunt_vaults_entry_tiered, vehumet_crystals
D:15:     grunt_enter_depths_hoard, layout_loops_ring, nicolae_twisting_strands,
          uniq_kirke
Lair:1:   layout_chaotic_city
Lair:2:   layout_hall_layers, minmay_shoals_entry_hut, gammafunk_ghost_split,
          minmay_holes, uniq_fannar
Lair:3:   layout_misc_corridors, minmay_snake_entry_guardpost_small,
          kennysheep_basilisk_garden
Lair:4:   layout_small_grid, gauntlet_entry_generic, special_room
          [special_room_bee]
Lair:5:   cheibrodos_lair_end_hotspot, layout_big_grid, slime_entry_2,
          uniq_rupert
Shoals:1: layout_shoals, uniq_louise
Shoals:2: layout_shoals, gammafunk_ghost_berserking_beasts
Shoals:3: layout_shoals, serial_shops, nicolae_shop_tiny_real_fake_doors,
          nicolae_shoals_flooded_hall, uniq_bai_suzhen, uniq_polyphemus
Shoals:4: shoals_end_hellmonk_holy_island
Snake:1:  gammafunk_the_bubble [the_bubble_gammafunk_crates],
          layout_misc_corridors, st_stairs_13
Snake:2:  layout_grid_maze, ebering_ghost_inner_flame, uniq_mlioglotl
Snake:3:  layout_basic, minmay_shop_star, uniq_roxanne, uniq_aizul, uniq_donald
Snake:4:  johnstein_snake_rune_scales, layout_basic, basic_altar
Orc:1:    hellmonk_paralyzer, layout_caves, basic_altar
Orc:2:    pf_orc_diabolical, layout_caves

Skill      XL: |  1  2  3  4  5  6  7  8  9 10 11 12 13 14 15 16 17 18 19 |
---------------+----------------------------------------------------------+-----
Fighting       | 4 5 6 7 9 11 12 14 16 18 19 21 22 23 24 | 24.6
Polearms       | 4 5 6 7 8 9 10 12 13 14 15 16 17 18 | 18.2
Armour         | 3 4 5 6 7 9 10 11 13 14 15 16 17 18 | 18.1
Dodging        | 3 4 5 6 8 9 10 12 13 14 15 16 | 16.4
Evocations     | 2 4 5 6 |  6.2
Shields        | 4 7 9 10 11 12 | 12.4

Action                     |  1- 3 |  4- 6 |  7- 9 | 10-12 | 13-15 | 16-18 | 19-21 || total
---------------------------+-------+-------+-------+-------+-------+-------+-------++-------
  Melee: Spear             |   105 |   135 |    72 |       |       |       |       ||   312
         Headbutt          |     8 |    22 |    50 |    89 |   297 |   150 |    61 ||   677
         Quarterstaff      |       |       |    38 |       |       |       |       ||    38
         Trident           |       |       |   201 |   376 |    17 |       |       ||   594
         Unarmed           |       |       |     2 |       |    12 |       |       ||    14
         Glaive            |       |       |       |   224 |  1159 |   208 |       ||  1591
         Demon trident     |       |       |       |       |       |   691 |   508 ||  1199
         Halberd           |       |       |       |       |       |    14 |       ||    14
  Throw: Dart              |       |       |       |     6 |     1 |       |       ||     7
 Invoke: Berserk           |       |     1 |    11 |     8 |    14 |     9 |     5 ||    48
         Trog's Hand       |       |       |     3 |     5 |    13 |    11 |     6 ||    38
         Brothers in Arms  |       |       |       |       |     4 |       |     1 ||     5
  Evoke: Wand              |       |       |       |       |     5 |       |     3 ||     8
    Use: Potion            |       |       |     1 |       |     1 |     2 |       ||     4
         Scroll            |       |       |       |     9 |    19 |    16 |     4 ||    48
   Stab: Sleeping          |     2 |       |       |       |       |       |       ||     2
         Distracted        |       |     1 |       |       |     1 |       |       ||     2
         Invisible         |       |       |       |       |     1 |       |       ||     1
         Petrified         |       |       |       |       |       |     2 |       ||     2
 Armour: Animal skin       |    37 |    46 |   104 |       |       |       |       ||   187
         Ring mail         |       |       |    74 |   364 |   243 |       |       ||   681
         Skin              |       |       |     1 |       |     8 |       |       ||     9
         Plate armour      |       |       |       |       |  1029 |   295 |       ||  1324
         Fire dragon scale |       |       |       |       |       |   314 |   378 ||   692
  Dodge: Dodged            |    35 |    42 |   135 |   297 |   826 |   349 |   242 ||  1926
  Block: Kite shield       |       |       |       |       |       |   257 |   260 ||   517
         Reflection        |       |       |       |       |       |    45 |    52 ||    97

Table legend: (Time is in decaauts)
 A = Elapsed time spent in this place.
 B = Non-inter-level travel time spent in this place.
 C = Inter-level travel time spent in this place.
 D = Time resting spent in this place.
 E = Time spent auto-exploring this place.
 F = Levels seen in this place.
 G = Mean time per level.
                   A        B        C        D        E       F      G
               +--------+--------+--------+--------+--------+-----+--------+
         Total |  44143 |  41592 |   2551 |   5767 |  28158 |  32 | 1379.5 |
       Dungeon |  18836 |  17502 |   1334 |   2501 |  12174 |  15 | 1255.7 |
          Lair |   6804 |   6256 |    548 |    123 |   4498 |   5 | 1360.8 |
        Shoals |   5597 |   5469 |    128 |   1273 |   3291 |   4 | 1399.2 |
     Snake Pit |   7032 |   6604 |    428 |    673 |   4971 |   4 | 1758.0 |
  Orcish Mines |   3761 |   3650 |    111 |    702 |   2185 |   2 | 1880.5 |
      Ice Cave |   1572 |   1572 |      0 |    462 |    747 |   1 | 1572.0 |
      Gauntlet |    538 |    538 |      0 |     30 |    291 |   1 |  538.0 |
               +--------+--------+--------+--------+--------+-----+--------+

Top non-repeatable levels by time:
  Lair:5: 2230 daAuts
    D:14: 2209 daAuts
   Orc:2: 2171 daAuts
 Snake:4: 2161 daAuts
     D:5: 2160 daAuts
     D:6: 2081 daAuts
Shoals:3: 1991 daAuts
 Snake:3: 1775 daAuts
 Snake:2: 1623 daAuts
   Orc:1: 1589 daAuts
   IceCv: 1572 daAuts
    D:15: 1541 daAuts
 Snake:1: 1472 daAuts
  Lair:2: 1447 daAuts
    D:13: 1426 daAuts
